 Dungeon Crawl Stone Soup version 0.17.0-23-g0de4337 (webtiles) character file.

151 Karnex the Grave Robber (level 5, -9/28 HPs)
             Began as a Deep Elf Necromancer on Nov 13, 2015.
             Was an Initiate of Ru.
             Mangled by an ogre
             ... wielding a +0 giant spiked club
              (31 damage)
             ... on level 4 of the Dungeon.
             The game lasted 00:28:22 (2559 turns).

Karnex the Grave Robber (Deep Elf Necromancer)      Turns: 2559, Time: 00:28:22

Health: -9/28      AC:  4    Str:  5    XL:     5   Next: 11%
Magic:  7/14       EV: 13    Int: 21    God:    Ru [......]
Gold:   138        SH:  0    Dex: 15    Spells: 3 memorised, 9 levels left

rFire  . . .     SeeInvis .     m - +0 short sword
rCold  . . .     Clarity  .     i - +2 robe
rNeg   . . .     SustAt   .     (no shield)
rPois  .         Gourm    .     (no helmet)
rElec  .         Spirit   .     (no cloak)
rCorr  .         Warding  .     (no gloves)
rMut   .         Stasis   .     (no boots)
MR     .....                    (no amulet)
Stlth  ++........               (no ring)
                                (no ring)

@: not resistant to hostile enchantments, unstealthy
A: no striking features
a: Renounce Religion


You were on level 4 of the Dungeon.
You worshipped Ru.
Ru was noncommittal.
You were not hungry.

You visited 1 branch of the dungeon, and saw 4 of its levels.

You collected 138 gold pieces.

Inventory:

Hand Weapons
 d - a +0 hunting sling
 j - a +0 club
 m - a +0 short sword (weapon)
Missiles
 e - 98 stones (quivered)
Armour
 h - a +1 ring mail of cold resistance
 i - a +2 robe (worn)
 k - a +1 ring mail of poison resistance
Wands
 f - a wand of polymorph (14)
Scrolls
 c - a scroll of immolation {unknown}
 n - 3 scrolls of remove curse
Potions
 g - a potion of lignification
Books
 b - a book of Necromancy

   Spells                             Type                      Level
   a - Pain                           Necromancy                   1
   b - Animate Skeleton               Necromancy                   1
   c - Vampiric Draining              Necromancy                   3
   d - Regeneration                   Charms/Necromancy            3
   e - Animate Dead                   Necromancy                   4
   f - Control Undead                 Necromancy                   4
Comestibles
 l - a bread ration


   Skills:
 + Level 2.4 Dodging
 + Level 2.7 Stealth
 + Level 5.3 Spellcasting
 + Level 6.4 Necromancy


You had 9 spell levels left.
You knew the following spells:

 Your Spells              Type           Power        Failure   Level  Hunger
a - Pain                  Necr           ####         1%          1    None
b - Animate Skeleton      Necr           N/A          1%          1    None
c - Vampiric Draining     Necr           ####......   2%          3    ##.....


Dungeon Overview and Level Annotations

Branches:
Dungeon (4/15)
 Temple: D:4-7

Altars:
Fedhas
Nemelex Xobeh
Ru


Message History

There is an open gate here.
The ogre misses you.
Found a scroll labeled JAPILU CUHACA.
Casting: Vampiric Draining
Confirm with . or Enter, or press ? or * to list all spells.
Aiming: Vampiric Draining
Press: ? - help, Shift-Dir - straight line, f/p - ogre
Aim: an ogre, wielding a giant spiked club (moderately wounded)
The ogre is heavily wounded.
You feel life coursing into your body. The ogre completely misses you.
Casting: Vampiric Draining
Confirm with . or Enter, or press ? or * to list all spells.
Aiming: Vampiric Draining
Press: ? - help, Shift-Dir - straight line, f/p - ogre
Aim: an ogre, wielding a giant spiked club (heavily wounded)
The ogre is almost dead.
You feel life coursing into your body.
The ogre hits you with a giant spiked club!!
Ouch! That really hurt!
You die...

......#
##§§§.§#...##.§.###
###..##
########...########
#..#
#######'''#######
.....# #....###...#
......#
#######.###....#
.(.....
###...........####
......#
##......########
....# #......O.#
##.....@##
...#.##### ##.? ...
##


You could see an ogre.

Vanquished Creatures
  An orc wizard (D:4)
  Jessica (D:2)
  3 adders (D:2)
  A worm (D:2)
  3 giant geckos (D:1)
  5 orcs (D:4)
  A ball python (D:1)
  6 hobgoblins
  4 jackals (D:2)
  A quokka (D:2)
  2 bats
  2 giant cockroaches
  2 giant newts (D:1)
  6 goblins
  8 kobolds
  4 rats
50 creatures vanquished.

Vanquished Creatures (collateral kills)
  An adder (D:2)
  A worm (D:2)
2 creatures vanquished.

Grand Total: 52 creatures vanquished

Notes
Turn   | Place    | Note
--------------------------------------------------------------
     0 | D:1      | Karnex the Deep Elf Necromancer began the quest for the Orb.
     0 | D:1      | Reached XP level 1. HP: 10/10 MP: 6/6
    45 | D:1      | Reached skill level 5 in Necromancy
   178 | D:1      | Reached XP level 2. HP: 9/15 MP: 2/8
   861 | D:2      | Noticed Jessica
   930 | D:2      | Learned a level 1 spell: Animate Skeleton
  1031 | D:2      | Reached XP level 3. HP: 13/19 MP: 6/10
  1170 | D:2      | Learned a level 3 spell: Vampiric Draining
  1174 | D:2      | Killed Jessica
  1232 | D:2      | Reached skill level 6 in Necromancy
  1243 | D:2      | Found a sacrificial altar of Ru.
  1251 | D:2      | Became a worshipper of Ru the Awakened
  1397 | D:2      | Reached XP level 4. HP: 21/24 MP: 8/12
  1943 | D:3      | Found a blossoming altar of Fedhas.
  2036 | D:3      | You fall through a shaft!
  2053 | D:4      | Found a sparkling altar of Nemelex Xobeh.
  2201 | D:4      | Reached skill level 5 in Spellcasting
  2292 | D:4      | Reached XP level 5. HP: 9/28 MP: 7/14
  2496 | D:4      | Noticed an ogre
  2559 | D:4      | Mangled by an ogre

Action                   |  1- 3 |  4- 6 || total
-------------------------+-------+-------++-------
Melee: Short sword       |       |     4 ||     4
 Cast: Pain              |    55 |    47 ||   102
       Animate Skeleton  |     2 |     3 ||     5
       Vampiric Draining |       |     5 ||     5
  Use: Potion            |     4 |     2 ||     6
       Scroll            |     4 |       ||     4
  Eat: Bread ration      |     1 |       ||     1
       Chunk             |     1 |       ||     1
